 Dungeon Crawl Stone Soup version bcrawl-1.40.2 (webtiles) character file.

Game seed: 4851249517171466909

14427046 Artagas the Lord of Darkness (level 27, 221/221 HPs)
             Began as a Human Venom Mage on Nov 3, 2023.
             Was the Champion of Kikubaaqudgha.
             Escaped with the Orb
             ... and 3 runes on Nov 6, 2023!
             The game lasted 06:42:33 (67805 turns).

Artagas the Lord of Darkness (Human Venom Mage)    Turns: 67805, Time: 06:42:33

Health: 221/221    AC: 25    Str: 16    XL:     27
Magic:  46/46      EV: 31    Int: 29    God:    Kikubaaqudgha [******]
Gold:   698        SH: 19    Dex: 26    Spells: 5/64 levels left

rFire    + + +     GDR:     43% b - +6 dagger of the Bespelling Owl {speed, *Noise rPois rF+++ MR+}
rCold    + . .     SeeInvis +   K - +3 medium shield {AC+3}
rNeg     . . .     Gourm    .   f - quicksilver dragon scales
rPois    +         Faith    .   S - +2 hat {SInv}
rElec    +         Spirit   .   E - +2 cloak {+Inv}
rCorr    .         Reflect  .   x - +2 pair of gloves {archery}
MR       ++++.                  g - +2 pair of boots {run}
Stlth    +.........             r - amulet of magic regeneration
HPRegen  0.46/turn              V - ring "Defeirit" {rElec Str+6 Int+4 Dex+8}
MPRegen  0.86/turn              M - ring of Midsummer {Wiz rC+ Dex+4}

@: studying 2 skills, quick
A: repulsion field 1, deformed body, dopey 1
0: Orb of Zot
}: 3/15 runes: decaying, silver, gossamer
a: Receive Corpses, Torment, Renounce Religion, Evoke Invisibility


You escaped.
You worshipped Kikubaaqudgha.
Kikubaaqudgha was exalted by your worship.
You were not hungry.

You visited 10 branches of the dungeon, and saw 42 of its levels.
You also visited: Trove.

You collected 6725 gold pieces.
You spent 6027 gold pieces at shops.

Inventory:

Hand Weapons
 a - a +6 hunting sling of freezing
   (You found it on level 1 of the Dungeon)
 b - the +6 dagger of the Bespelling Owl (weapon) {speed, *Noise rPois rF+++ MR+}
   (You found it on level 11 of the Dungeon)

   Attacks with this weapon are significantly faster.
   It renders you almost immune to fire.
   It protects you from poison.
   It affects your resistance to hostile enchantments.
   It may make noises in combat.
Missiles
 C - 810 poisoned tomahawks (quivered)
 H - 9 throwing nets {=f}
 P - 3263 sling bullets
Armour
 f - quicksilver dragon scales (worn)
   (You took it off Margery on level 3 of the Depths)
 g - a +2 pair of boots of running (worn)
   (You acquired it on level 3 of the Vaults)
 x - a +2 pair of gloves of archery (worn)
   (You found it on level 3 of the Elven Halls)
 E - a +2 cloak of invisibility (worn)
   (You found it on level 3 of the Elven Halls)
 K - a +3 medium shield of protection (worn)
   (You acquired it on level 3 of the Vaults)
 S - a +2 hat of see invisible (worn)
   (You bought it in a shop on level 8 of the Dungeon)
Jewellery
 m - an uncursed ring of protection from magic
   (You took it off a deep elf death mage on level 3 of the Elven Halls)
 o - the amulet "Suzu" {Reflect Fragile rC+ Dex+3 SH+4 Stlth+}
   (You found it in a treasure trove)

   [amulet of reflection]

   It shields you and reflects attacks.
   It affects your dexterity (+3).
   It protects you from cold.
   It will be destroyed if unequipped.
   It affects your SH (+4).
   It makes you more stealthy.
 p - a +4 ring of protection
   (You found it on level 2 of the Vaults)
 r - an amulet of magic regeneration (around neck)
   (You found it on level 1 of the Spider Nest)
 u - an uncursed ring of protection from magic
   (You found it on level 5 of the Depths)
 I - an uncursed ring of positive energy
   (You found it on level 3 of the Dungeon)
 M - the ring of Midsummer (right hand) {Wiz rC+ Dex+4}
   (You acquired it on level 1 of the Depths)

   [ring of wizardry]

   It improves your spell success rate.
   It affects your dexterity (+4).
   It protects you from cold.
 V - the ring "Defeirit" (left hand) {rElec Str+6 Int+4 Dex+8}
   (You bought it in a shop on level 1 of the Elven Halls)

   [ring of strength]

   It affects your strength (+6).
   It affects your intelligence (+4).
   It affects your dexterity (+8).
   It insulates you from electricity.
Wands
 v - a wand of digging (19)
   (You found it on level 4 of the Lair of Beasts)
 G - a wand of paralysis (33)
   (You bought it in a shop on level 7 of the Dungeon)
 L - a wand of clouds (13)
   (You bought it in a shop on level 7 of the Dungeon)
 R - a wand of iceblast (35)
   (You found it on level 8 of the Dungeon)
 Y - a wand of charming (12)
   (You found it on level 3 of the Lair of Beasts)
 Z - a wand of acid (19)
   (You found it on level 3 of the Lair of Beasts)
Scrolls
 d - 4 scrolls of fear
 t - 13 scrolls of teleportation
 A - 8 scrolls of fog
 B - a scroll of blinking
 D - 2 scrolls of revelation
 N - a scroll of summoning
 U - 4 scrolls of immolation
Potions
 i - 3 potions of invisibility
 n - 4 potions of resistance
 q - 15 potions of curing
 s - 8 potions of agility
 w - 6 potions of heal wounds
 y - 7 potions of brilliance
 z - a potion of magic
 F - 6 potions of ambrosia
 J - 9 potions of mutation
 Q - 7 potions of flight
 X - 6 potions of lignification
Miscellaneous
 c - a phial of floods
   (You found it on level 3 of the Elven Halls)
 k - 4 phantom mirrors
 O - a lamp of fire
   (You found it on level 3 of the Vaults)
 T - a box of beasts
 W - a sack of spiders
   (You found it on level 3 of the Elven Halls)
Comestibles
 e - 43 rations {!d}


   Skills:
 - Level 19.0 Fighting
 - Level 4.0 Staves
 - Level 13.0 Armour
 - Level 18.0 Dodging
 - Level 2.4 Stealth
 - Level 18.0 Shields
 - Level 19.0 Spellcasting
   Level 6.0 Conjurations
 - Level 8.0 Charms
 - Level 12.0 Summonings
 + Level 19.7 Necromancy
 - Level 10.0 Transmutations
 - Level 1.0 Fire Magic
 - Level 6.0 Ice Magic
 - Level 2.0 Air Magic
 - Level 8.0 Earth Magic
 - Level 12.0 Poison Magic
 - Level 16.0 Evocations


You had 5 spell levels left.
You knew the following spells:

 Your Spells              Type           Power        Failure   Level  Hunger
a - Borgnjor's Vile Clut  Necr/Erth      #######...   1%          6    None
b - Blight                Necr/Pois      #######..    4%          7    ##.....
c - Ignite Poison         Fire/Tmut/Pois ######..     1%          3    None
d - Olgreb's Toxic Radia  Pois           #######..    1%          4    None
e - Haunt                 Necr/Summ      #######...   4%          7    ##.....
f - Simulacrum            Ice/Necr       #######.     2%          6    None
g - Corpse Rot            Necr           N/A          0%          2    None
h - Poisonous Vapours     Pois/Air       ######       1%          2    None
i - Death Channel         Chrm/Necr      #######...   1%          6    None
j - Regeneration          Chrm/Necr      #######...   1%          3    None
k - Aura of Abjuration    Summ           #######...   3%          6    None
l - Scorpion Form         Tmut/Pois      ######....   26%         7    ##.....

Your spell library contained the following spells:

 Spells                   Type           Power        Failure   Level  Hunger
 Necrotize                Necr           ######       0%          1    None
 Sublimation of Blood     Necr           #######...   0%          2    None
 Vampiric Draining        Necr           #######...   0%          3    None
 Agony                    Necr           #######.     0%          4    None
 Animate Dead             Necr           N/A          0%          4    None
 Beastly Appendage        Tmut           ######       1%          1    None
 Freeze                   Ice            ######       1%          1    None
 Infusion                 Chrm           ######..     1%          1    None
 Magic Dart               Conj           ####         1%          1    None
 Sandblast                Erth           ######       1%          1    None
 Static Discharge         Air            #####.       1%          1    None
 Sting                    Conj/Pois      ####         1%          1    None
 Summon Butterflies       Summ           #######.     1%          1    None
 Ensorcelled Hibernation  Hex/Ice        #####.       1%          2    None
 Passwall                 Tmut/Erth      ######..     1%          2    None
 Searing Ray              Conj           ######..     1%          2    None
 Shock                    Conj/Air       ######.      1%          2    None
 Sticks to Snakes         Tmut           ######..     1%          2    None
 Swiftness                Chrm/Air       ######..     1%          2    None
 Throw Frost              Conj/Ice       ######       1%          2    None
 False Image              Hex/Summ       ######..     1%          3    None
 Iskenderun's Mystic Bla  Conj           ######..     1%          3    None
 Mephitic Cloud           Conj/Pois/Air  ######..     1%          3    None
 Ozocubu's Armour         Chrm/Ice       ######..     1%          3    None
 Recall                   Summ/Tloc      N/A          1%          3    None
 Spider Form              Tmut/Pois      ###          1%          3    None
 Ice Form                 Ice/Tmut       ######..     1%          4    None
 Petrify                  Tmut/Erth      ######....   1%          4    None
 Summon Ice Beast         Ice/Summ       ######..     1%          4    None
 Summon Scorpions         Summ/Pois      #######.     1%          4    None
 Blade Hands              Tmut           ######....   1%          5    None
 Bolt of Draining         Conj/Necr      #######...   1%          5    None
 Dispel Undead            Necr           #######.     1%          5    None
 Summon Demon             Summ           #######...   1%          5    None
 Throw Icicle             Conj/Ice       ######..     2%          4    None
 Venom Bolt               Conj/Pois      ######....   2%          5    None
 Apportation              Tloc           ####..       3%          1    None
 Blink Other              Tloc           ####..       3%          1    None
 Corona                   Hex            ####...      3%          1    None
 Slow                     Hex            ####....     3%          1    None
 Irradiate                Conj/Tmut      ######....   3%          5    None
 Lee's Rapid Deconstruct  Erth           ######....   3%          5    None
 Piercing Shot            Chrm           ######....   3%          5    None
 Blink                    Tloc           N/A          4%          2    None
 Shackle                  Hex            ####....     4%          2    None
 Yara's Violent Unravell  Hex/Tmut       ######....   4%          4    None
 Iskenderun's Battlesphe  Conj/Chrm      ######..     4%          5    None
 Summon Lightning Spire   Summ/Air       ######..     4%          5    None
 Lightning Bolt           Conj/Air       ######..     6%          4    None
 Inner Flame              Hex/Fire       N/A          8%          3    None
 Sticky Flame             Conj/Fire      #####...     8%          4    None
 Summon Forest            Summ/Tloc      ######....   8%          5    None
 Summon Mana Viper        Hex/Summ       ######..     8%          5    None
 Beckoning                Tloc           ####......   9%          3    None
 Portal Projectile        Tloc           ####..       9%          3    None
 Teleport Other           Tloc           ####....     9%          3    None
 Tukima's Dance           Hex            ####....     9%          3    None
 Fulminant Prism          Conj/Hex       #####.....   9%          4    None
 Airstrike                Air            #####.....   13%         4    None
 Steam Barrier            Chrm/Fire      ######....   13%         5    None
 Cause Fear               Hex            ####......   28%         4    None
 Silence                  Hex/Air        ####......   45%         5    None
 Poison Arrow             Conj/Pois      ######....   12%         6    None
 Statue Form              Tmut/Erth      ######...    12%         6    None
 Shadow Creatures         Summ           N/A          19%         7    ##.....
 Infestation              Hex/Tmut/Pois  ######...    24%         6    None
 Iron Shot                Conj/Erth      ######....   26%         6    None
 Bolt of Cold             Conj/Ice       ######....   36%         6    None
 Ozocubu's Refrigeration  Ice            ######....   36%         6    None
 Virulence                Hex/Pois       ######..     36%         6    None
 Necromutation            Tmut/Necr      #######.     41%         8    ####...
 Deflect Missiles         Chrm/Air       ######....   50%         6    None
 Conjure Ball Lightning   Conj/Air       ######....   63%         6    None
 Summon Horrible Things   Summ           #######...   78%         8    ####...
 Summon Fire Elementals   Fire/Summ      ######...    85%         7    ##.....
 Icicle Burst             Conj/Ice       ######....   89%         7    ##.....
 Malign Gateway           Summ/Tloc      ######....   89%         7    ##.....
 Darkness                 Hex            ####......   98%         6    None
 Invisibility             Hex            ####....     98%         6    None
 Chain Lightning          Conj/Air       ######....   100%        8    ####...
 Ignition                 Hex/Fire       ####......   100%        8    ####...
 Time Stop                Chrm/Tloc      N/A          100%        8    ####...
 Tornado                  Tloc/Air       ####......   100%        8    ####...
 Dragon's Call            Summ           #######...   100%        9    ######.
 Shatter                  Erth           ######....   100%        9    ######.
 Passage of Golubria      Tloc           Unusable     N/A         5    N/A

Dungeon Overview and Level Annotations

Branches:
Dungeon (12/12)            Temple (1/1) D:5            Lair (6/6) D:8
  Swamp (3/3) Lair:3       Spider (3/3) Lair:2        Slime (0/5) Orc
    Orc (1/1) D:10            Elf (3/3) Lair:6       Vaults (3/3) D:11
  Crypt (0/2) Vaults:1     Depths (5/5) D:12            Zot (5/5) Depths:5

Altars:
Ashenzari
Cheibriados
Dithmenos
Elyvilon
Fedhas
Gozag
Hepliaklqana
Kikubaaqudgha
Lugonu
Makhleb
Nemelex Xobeh
Okawaru
Qazlal
Ru
Sif Muna
Trog
Uskayaw
Vehumet
Wu Jian
Xom
Yredelemnul
Zin
The Shining One
Jiyva

Shops:
D:7 }   D:8 [*   D:9 }   Orc (!%(}   Elf:1 ==}[   Elf:2 !   Elf:3 ?*(
Vaults:1 ?:   Depths:3 }

Portals:
Hell: Depths:1 Depths:2 Depths:3 Depths:4 Depths:5
Abyss: Depths:1 Depths:4
Pandemonium: Depths:1 Depths:3 Depths:4
Ziggurat: Depths:1

Annotations:
D:1 Natasha
Lair:6 1 runed door Orc 1 runed door
Elf:2 5 runed doors


Innate Abilities, Weirdness & Mutations

You are surrounded by a mild repulsion field. (EV +2)
Armour fits poorly on your strangely shaped body.
You are dopey. (Int -2)


Message History

Where to? (Enter - D:1 @ (x,y), ? - help)
What level of the Dungeon? (default 1, ? - help) Natasha is nearby!
Natasha stares at you and mumbles some strange words.
The magic dart hits you but does no damage.
Natasha casts a spell.
You hit the crimson imp.
The crimson imp is moderately wounded.
You block Natasha's attack. You block the crimson imp's attack.
Natasha casts a spell at you.
The magic dart hits you but does no damage.
You block the crimson imp's attack. You block the crimson imp's attack.
A large abomination comes into view.
The large abomination moves out of view.
You see here a +0 club.
Natasha mumbles some strange words.
A glowing orange brain comes into view.
Casting: Haunt (safe; 4% risk of failure)
Confirm with . or Enter, or press ? or * to list all spells.
Aiming: Haunt (safe; 4% risk of failure)
Press: ? - help, Dir - move target cursor, f - glowing orange brain
Aim: a glowing orange brain Insubstantial figures form in the air.
The crimson imp disappears in a puff of smoke!
Evoke which item? (* to show all) (? for menu, Esc to quit)
Aiming: Dig
Press: ? - help, Shift-Dir - straight line, p - glowing orange brain This square is covered in magical glow.
The rock shatters into small pieces.
Your hungry ghost hits the glowing orange brain.
Natasha stares at you and mumbles some strange words.
The magic dart hits you.
Evoke which item? (* to show all) (? for menu, Esc to quit)
Aiming: Dig
Press: ? - help, Shift-Dir - straight line This square is covered in magical glow.
The rock shatters into small pieces.
The glowing orange brain blinks!
Natasha casts a spell at you.
The magic dart hits you but does no damage.
The glowing orange brain pulsates.
Something tries to feed on your intellect!
There is a stone staircase leading up here.
You block Natasha's attack. Natasha completely misses you.
A rune on the stairs sparks and fizzles.
You climb upwards.
The crimson imp disappears in a puff of smoke!
There is a stone staircase leading down, spattered with blood here.
You block Natasha's attack. Natasha misses you.
Natasha stares at you and mumbles some strange words.
The magic dart hits you.
There is a stone staircase leading up here.
You block Natasha's attack.
You climb upwards.
There is a stone staircase leading down here.
Evoke which item? (* to show all) (? for menu, Esc to quit)
Aiming: Dig
Press: ? - help, Shift-Dir - straight line This square is covered in magical glow.
The rock shatters into small pieces.
Natasha misses you. You block Natasha's attack. Natasha casts a spell at you.
The magic dart hits you.
Natasha casts a spell.
Natasha stares at you and mumbles some strange words.
The magic dart hits you.
Evoke which item? (* to show all) (? for menu, Esc to quit)
Aiming: Dig
Press: ? - help, Shift-Dir - straight line This square is covered in magical glow.
The rock shatters into small pieces.
Natasha stares at you and mumbles some strange words.
You resist with almost no effort.
Evoke which item? (* to show all) (? for menu, Esc to quit)
Aiming: Dig
Press: ? - help, Shift-Dir - straight line This square is covered in magical glow.
The rock shatters into small pieces.
Natasha casts a spell at you. The magic dart hits you.
The crimson imp disappears in a puff of smoke!
Evoke which item? (* to show all) (? for menu, Esc to quit)
Aiming: Dig
Press: ? - help, Shift-Dir - straight line This square is covered in magical glow.
The rock shatters into small pieces.
Natasha casts a spell at you.
The magic dart hits you but does no damage.
There is an open door here.
Natasha casts a spell at you.
The magic dart hits you but does no damage.
Natasha mumbles some strange words.
There is a staircase leading out of the dungeon here.
Natasha misses you.
The power of the Orb breaks the dimensional shunt like a soap bubble!
You have escaped!

#...#≈.≈#≈≈≈######
#...#≈.≈#§§.######
#...#≈.≈#§..######
#...#...#...######
#....1......######
#...........#
#...........#
#.....h5....#
#.....@.....#
#...........#
#############


You could see a Hell Sentinel, Natasha and a crimson imp.

Vanquished Creatures
  2 ancient liches (Zot:5)
  An orb of fire (Zot:5)
  2 Killer Klowns (Zot:5)
  Gastronok (Lair:3)
  An Orb Demon (Zot:5)
  A tentacled monstrosity (Zot:5)
  Frances (D:11)
  6 Orb Guardians
  Rupert (Lair:4)
  A wendigo (Depths:4)
  A deep elf master archer (Elf:3)
  A lich (Vaults:3)
  3 death cobs
  2 deep elf blademasters (Elf:3)
  A shadow dragon (shapeshifter) (Depths:5)
  5 draconian monks
  A draconian knight (Zot:2)
  A war gargoyle (Vaults:3)
  4 frost giants
  3 deep elf sorcerers
  A fire giant (Depths:2)
  A draconian stormcaller (Zot:2)
  6 vault wardens
  2 emperor scorpions
  A ghost moth (Spider:3)
  A deep elf elementalist (Elf:3)
  3 draconian shifters
  8 stone giants
  7 very ugly things
  2 draconian annihilators
  A draconian scorcher (Zot:2)
  6 ironheart preservers
  3 black draconians
  4 deep elf demonologists (Elf:3)
  A vampire knight (Depths:4)
  5 green draconians
  A dire elephant (Vaults:2)
  7 deep elf annihilators (Elf:3)
  2 purple draconians
  2 white draconians (Zot:5)
  2 yellow draconians
  7 ettins
  Snorg (D:11)
  A merfolk javelineer (Depths:2)
  4 red draconians
  5 deep elf death magi
  A crystal guardian (Vaults:2)
  13 yaktaur captains
  A fire dragon (Lair:1)
  3 deep elf high priests
  7 rakshasas
  12 vault guards
  18 hydras
  An ice dragon (Vaults:1)
  A catoblepas (Lair:6)
  Harold (D:11)
  A juggernaut simulacrum (Depths:3)
  3 ogre magi
  A death knight (Vaults:1)
  A two-headed ogre (shapeshifter) (Vaults:2)
  3 dancing weapons
  12 two-headed ogres
  5 deep troll shamans
  3 alligators
  A tengu warrior (D:9)
  6 deep troll earth magi
  An ironheart beastmaster (Vaults:2)
  3 spriggan berserkers
  15 deep trolls
  4 hell knights
  2 iron trolls
  18 deep elf knights
  2 fire crabs (shapeshifter)
  19 centaur warriors
  A glowing orange brain (Vaults:1)
  An infernal demonspawn (D:12)
  An unseen horror (D:12)
  8 deep elf archers
  A swamp dragon (Depths:5)
  3 wizards (Vaults:1)
  5 cyclopes
  8 ironheart convokers
  3 necromancers
  2 orc knights (Orc)
  2 orange crystal statues
  A lindwurm (Lair:6)
  6 wolf spiders
  52 deep elf magi
  13 orb spiders
  An orc sorcerer (Orc)
  2 moths of wrath (Zot:2)
  12 ugly things
  2 salamanders (Depths:5)
  5 elephants
  3 will-o'-wisps (Swamp:1)
  11 vault sentinels
  4 black mambas
  5 torpor snails (Lair:6)
  A human zombie (Vaults:2)
  18 jumping spiders
  30 yaktaurs
  7 cane toads
  An orange demon (Depths:5)
  8 rime drakes (Lair:4)
  6 komodo dragons
  3 demonic crawlers (Spider:2)
  An efreet (D:11)
  A freezing wraith (D:9)
  A yaktaur (shapeshifter) (Elf:3)
  3 tengu conjurers
  A troll (shapeshifter) (Vaults:1)
  7 polar bears
  6 tyrant leeches
  7 trolls
  2 meliai (Spider:1)
  13 hornets
  2 polar bears (shapeshifter) (Vaults:2)
  A raiju (Lair:6)
  Grinder (D:5)
  19 slime creatures
  A meliai zombie (D:10)
  7 hippogriffs
  A harpy skeleton (D:7)
  17 blink frogs
  Grum (Lair:2)
  2 bog bodies
  10 dream sheep
  2 wyverns
  17 tarantellas
  20 yaks
  2 vampires (Vaults:1)
  A hog (shapeshifter) (Vaults:2)
  3 hungry ghosts
  A water elemental (Depths:1)
  A human (shapeshifter) (Depths:1)
  10 steam dragons
  18 redbacks
  A human simulacrum (Vaults:2)
  3 wargs (Lair:6)
  5 vampire mosquitoes
  Edmund (D:6)
  7 swamp worms
  10 crocodiles
  2 water moccasins
  9 porcupines
  A floating eye (shapeshifter) (Vaults:1)
  10 hell hounds (Lair:6)
  4 swamp drakes
  20 orc warriors
  2 phantoms (D:11)
  A deep troll skeleton (Vaults:2)
  A cane toad skeleton (D:10)
  5 black bears (Lair:6)
  3 sky beasts
  An ettin simulacrum (Vaults:2)
  26 ogres
  14 boggarts
  42 wolves
  11 bullfrogs
  A kobold brigand (D:12)
  A human skeleton (Vaults:2)
  5 centaurs
  2 scorpions (D:8)
  10 killer bees
  3 wights
  6 electric eels
  A howler monkey (D:7)
  12 orc priests
  A bullfrog zombie (D:5)
  5 crimson imps
  16 orc wizards
  8 hounds
  Crazy Yiuf (D:3)
  6 jellies
  4 iguanas
  Ijyb (D:4)
  Terence (D:3)
  Natasha (twice) (D:3)
  5 worker ants
  2 hound skeletons
  A howler monkey zombie (D:10)
  A howler monkey skeleton (D:4)
  12 adders
  4 shadow imps
  4 oozes (D:8)
  2 adder skeletons (D:4)
  A worm (D:3)
  3 dart slugs
  6 leopard geckos
  64 orcs
  A ball python (D:1)
  4 giant cockroaches
  6 goblins
  8 hobgoblins
  10 jackals
  11 kobolds
  8 quokkas
  7 bats
  3 frilled lizards
  A quokka skeleton (D:5)
  11 rats
  A fire vortex (Lair:5)
  15 fungi
  17 plants
1159 creatures vanquished.

Vanquished Creatures (collateral kills)
  A juggernaut (Vaults:3)
  Tiamat (Zot:2)
  3 orbs of fire (Zot:5)
  2 ancient liches (Zot:5)
  Mara (Depths:2)
  4 Killer Klowns
  10 golden dragons
  Bai Suzhen (Swamp:3)
  Margery (Depths:3)
  A curse toe (Zot:5)
  4 rockslimes
  Jory (Depths:3)
  Nikola (Vaults:1)
  Zenata (Depths:2)
  2 electric golems (Zot:5)
  3 Orb Demons
  A Shadow Fiend (Depths:5)
  25 Orb Guardians
  7 tentacled monstrosities
  3 wendigos
  4 liches
  2 quicksilver dragons
  3 titans
  6 death cobs
  4 thorn hunters
  6 sphinxes
  7 shadow dragons
  A storm dragon (Zot:5)
  A tengu reaver (Vaults:3)
  4 frost giants
  A balrug (Depths:2)
  Donald (Spider:2)
  A draconian monk (Zot:2)
  3 iron dragons
  2 draconian knights (Zot:2)
  9 fire giants
  2 war gargoyles (Vaults:3)
  4 deep elf sorcerers
  A cacodemon (Depths:5)
  2 caustic shrike zombies (Depths:3)
  Louise (Swamp:1)
  7 ghost moths
  6 vault wardens (Vaults:3)
  4 spriggan defenders
  An emperor scorpion (Spider:3)
  13 stone giants
  2 draconian annihilators
  2 draconian shifters
  2 draconian scorchers
  A deep elf elementalist (Elf:3)
  3 ironheart preservers
  26 very ugly things
  An eye of devastation (Zot:5)
  2 green draconians (Depths:5)
  3 deep elf demonologists
  3 vampire knights
  2 dire elephants (Vaults:2)
  6 red draconians
  2 pale draconians (Depths:5)
  4 entropy weavers
  A deep elf annihilator (Elf:3)
  A lorocyproca (D:10)
  2 black draconians (Zot:2)
  3 purple draconians
  A yellow draconian (Zot:5)
  6 spark wasps
  5 white draconians
  3 deep elf death magi (Elf:3)
  A blizzard demon (Depths:5)
  An ettin (shapeshifter) (Depths:3)
  3 ettins
  10 fire dragons
  2 deep elf high priests
  8 yaktaur captains
  15 vault guards
  A spriggan air mage (Depths:3)
  2 ghost crabs
  7 ice dragons
  4 rakshasas
  2 shambling mangroves (Swamp:3)
  17 hydras
  9 great orbs of eyes
  8 two-headed ogres
  A shadow wraith (Vaults:3)
  4 ogre magi
  14 dancing weapons
  10 alligators
  An anaconda (Lair:6)
  2 vampire magi
  4 deep troll shamans
  A sea snake (shapeshifter) (Vaults:3)
  A shock serpent (shapeshifter) (Depths:2)
  6 deep trolls
  A soul eater (Depths:1)
  5 deep elf knights
  2 sun demons (Depths:2)
  A sixfirhy (Depths:5)
  11 spriggans
  9 hell knights
  7 centaur warriors
  A storm dragon skeleton (Depths:3)
  4 iron trolls
  2 salamander mystics
  A spriggan druid (Swamp:2)
  A death drake (Swamp:3)
  3 unseen horrors
  A shadow demon (Zot:5)
  3 glowing orange brains
  3 flayed ghosts
  2 orange crystal statues
  14 swamp dragons
  4 phantasmal warriors
  2 deep elf archers (Elf:2)
  A cyclops (Vaults:1)
  An obsidian statue (Zot:5)
  7 wolf spiders
  A wizard (Depths:2)
  A harpy (shapeshifter) (Vaults:2)
  2 tengu skeletons
  4 necromancers
  2 orb spiders
  4 ironheart convokers
  A frost giant zombie (Vaults:2)
  14 deep elf magi
  17 ugly things
  4 salamanders
  4 black mambas
  8 moths of wrath
  A smoke demon (Depths:1)
  A black mamba (shapeshifter) (Depths:3)
  An elephant (Lair:6)
  5 vault sentinels (Vaults:3)
  2 rust devils
  8 will-o'-wisps
  4 cane toads
  2 gargoyles
  A yaktaur zombie (Vaults:2)
  9 jumping spiders
  An efreet (Depths:5)
  4 freezing wraiths
  A komodo dragon (Swamp:1)
  4 demonic crawlers
  A tormentor (Depths:3)
  20 yaktaurs
  2 tengu conjurers
  A hellwing (Depths:3)
  3 trolls (Orc)
  An ice devil (Depths:3)
  A merfolk (shapeshifter) (Vaults:3)
  6 tyrant leeches
  A meliai (Spider:1)
  18 hornets
  A blink frog (Lair:5)
  4 polar bears (Lair:6)
  16 slime creatures
  A dream sheep (Lair:5)
  5 bog bodies
  4 hippogriffs
  A human simulacrum (Vaults:2)
  A vampire (Vaults:1)
  4 air elementals
  2 ynoxinuls
  6 water elementals
  3 tarantellas
  A wyvern (Lair:6)
  A wyvern (shapeshifter) (Depths:3)
  2 wraiths
  3 fire elementals
  A hungry ghost (D:12)
  4 steam dragons
  5 vampire mosquitoes
  11 redbacks
  3 wargs (Lair:6)
  7 swamp worms
  4 hell hounds (Lair:6)
  An orc warrior (Orc)
  A sky beast (D:9)
  6 black bears (Lair:6)
  A phantom (D:7)
  11 swamp drakes
  5 wolves
  A black bear (shapeshifter) (Vaults:2)
  2 necrophages
  4 ogres
  2 boggarts
  A bullfrog (Lair:5)
  2 human skeletons (Vaults:2)
  A deep troll simulacrum (Vaults:2)
  A wyvern zombie (D:8)
  An earth elemental (Elf:3)
  A wyvern skeleton (D:8)
  3 killer bees (D:9)
  2 electric eels (D:12)
  2 orc priests
  2 crimson imps
  A jelly (D:8)
  A worker ant zombie (D:8)
  4 adders
  An ooze (D:8)
  An adder zombie (D:9)
  An adder skeleton (D:9)
  3 orcs
  2 jackals (D:8)
  2 fungi (D:10)
  2 plants
788 creatures vanquished.

Vanquished Creatures (others)
  A deep elf master archer (Elf:3)
  2 death cobs
  2 frost giants
  2 spark wasps (Depths:5)
  A hell knight (Depths:2)
  A moth of wrath (Zot:5)
  2 yaktaurs (Vaults:3)
  A hornet (Spider:3)
  A tarantella (Spider:3)
  A steam dragon (Lair:4)
  A redback (shapeshifter) (Depths:2)
  An ogre (Depths:2)
  An orc (D:11)
  34 fungi
  53 plants
  5 toadstools (D:10)
109 creatures vanquished.

Grand Total: 2056 creatures vanquished

Notes
Turn   | Place    | Note
-------+----------+-------------------------------------------
     0 | D:1      | Artagas the Human Venom Mage began the quest for the Orb.
     0 | D:1      | Reached XP level 1. HP: 13/13 MP: 3/3
   133 | D:1      | Reached XP level 2. HP: 14/20 MP: 1/5
   203 | D:1      | Got a clouded jade ring
   250 | D:1      | Learned a level 2 spell: Poisonous Vapours
   283 | D:1      | Reached skill level 1 in Fighting
   353 | D:1      | Reached XP level 3. HP: 26/26 MP: 4/6
   565 | D:1      | Reached skill level 2 in Conjurations
  1125 | D:2      | Reached skill level 4 in Poison Magic
  1184 | D:2      | Reached skill level 1 in Air Magic
  1211 | D:2      | Learned a level 3 spell: Ignite Poison
  1333 | D:2      | Reached XP level 4. HP: 27/32 MP: 3/7
  1865 | D:2      | Found a burning altar of Makhleb.
  1865 | D:2      | Noticed an Executioner
  1869 | D:2      | Noticed a hellwing
  1869 | D:2      | Noticed a smoke demon
  2076 | D:2      | Reached skill level 2 in Fighting
  2248 | D:3      | Noticed a sky beast
  2266 | D:3      | Killed a sky beast
  2267 | D:3      | Reached skill level 1 in Fire Magic
  2267 | D:3      | Reached skill level 2 in Air Magic
  2267 | D:3      | Reached skill level 3 in Spellcasting
  2267 | D:3      | Reached XP level 5. HP: 31/38 MP: 4/9
  2387 | D:3      | Reached XP level 6. HP: 44/44 MP: 2/10
  2528 | D:3      | Reached skill level 5 in Poison Magic
  2731 | D:3      | Identified the ring of Pessimism {Fire MR+} (You found it
                  | on level 1 of the Dungeon)
  2790 | D:3      | Noticed Natasha
  2792 | D:3      | Killed Natasha
  2824 | D:3      | Noticed Terence
  2827 | D:3      | Killed Terence
  2828 | D:3      | Reached skill level 4 in Spellcasting
  2947 | D:3      | Noticed Natasha
  2950 | D:3      | Killed Natasha
  2951 | D:3      | Reached XP level 7. HP: 51/51 MP: 4/13
  3247 | D:3      | Reached skill level 3 in Fighting
  3447 | D:3      | Found a runed door.
  3451 | D:3      | Noticed Crazy Yiuf
  3457 | D:3      | Killed Crazy Yiuf
  3669 | D:4      | Reached skill level 3 in Dodging
  3674 | D:4      | Learned a level 4 spell: Olgreb's Toxic Radiance
  3885 | D:4      | Noticed Ijyb
  4032 | D:4      | Killed Ijyb
  4192 | D:4      | Reached skill level 6 in Poison Magic
  4202 | D:4      | Learned a level 4 spell: Summon Scorpions
  4295 | D:4      | Found a hide-covered altar of Uskayaw.
  4614 | D:4      | Reached skill level 4 in Fighting
  4614 | D:4      | Reached XP level 8. HP: 60/60 MP: 6/14
  4629 | D:4      | Reached skill level 1 in Summonings
  4695 | D:4      | Reached skill level 2 in Summonings
  4821 | D:4      | Found an ancient bone altar of Kikubaaqudgha.
  5042 | D:5      | Entered Level 5 of the Dungeon
  5073 | D:5      | Found a staircase to the Ecumenical Temple.
  5083 | Temple   | Entered the Ecumenical Temple
  5280 | D:4      | Became a worshipper of Kikubaaqudgha
  5444 | D:5      | Reached skill level 4 in Dodging
  5460 | D:5      | Noticed Grinder
  5462 | D:5      | Paralysed by Grinder for 4 turns
  5773 | D:6      | Reached skill level 7 in Poison Magic
  6061 | D:6      | Reached skill level 5 in Fighting
  6224 | D:6      | Reached skill level 5 in Spellcasting
  6224 | D:6      | Reached XP level 9. HP: 54/68 MP: 9/16
  6370 | D:6      | Reached skill level 6 in Spellcasting
  6835 | D:6      | Reached * piety under Kikubaaqudgha
  6835 | D:6      | Identified Kikubaaqudgha's Incunabulum of Evil
                  | (Kikubaaqudgha gifted it to you on level 6 of the Dungeon)
  6835 | D:6      | Received a gift from Kikubaaqudgha
  6843 | D:6      | Learned a level 5 spell: Venom Bolt
  6846 | D:6      | Learned a level 2 spell: Corpse Rot
  7026 | D:6      | Reached skill level 7 in Spellcasting
  7220 | D:6      | Found an iron altar of Okawaru.
  7344 | D:6      | Noticed Edmund
  7352 | D:6      | Killed Edmund
  7647 | D:7      | Found Irept's Gadget Shop.
  7654 | D:7      | Reached skill level 8 in Spellcasting
  7672 | D:7      | Noticed a troll
  7679 | D:7      | Killed a troll
  7680 | D:7      | Reached skill level 9 in Spellcasting
  7680 | D:7      | Reached XP level 10. HP: 74/74 MP: 1/23
  7716 | D:8      | Noticed a gargoyle
  7872 | D:7      | Reached ** piety under Kikubaaqudgha
  7955 | D:7      | Bought a wand of paralysis (8) for 117 gold pieces
  7955 | D:7      | Bought a wand of clouds (5) for 234 gold pieces
  8039 | D:5      | Killed Grinder
  8040 | D:5      | Reached skill level 2 in Evocations
  8079 | D:7      | Reached skill level 3 in Evocations
  8079 | D:7      | Reached skill level 3 in Conjurations
  8246 | D:7      | Reached skill level 4 in Conjurations
  8664 | D:8      | Reached skill level 5 in Conjurations
  8791 | D:8      | Found Yled's General Store.
  8800 | D:8      | Bought a scroll of teleportation for 39 gold pieces
  8932 | D:8      | Reached skill level 8 in Poison Magic
  9092 | D:8      | Bought 2 potions of curing for 65 gold pieces
  9147 | D:8      | Reached skill level 1 in Necromancy
  9279 | D:8      | Found Lenuaf's Armour Boutique.
  9300 | D:8      | Noticed a centaur warrior
  9342 | D:8      | Found a staircase to the Lair.
  9455 | Lair:1   | Entered Level 1 of the Lair of Beasts
  9473 | Lair:1   | Reached skill level 2 in Necromancy
  9491 | Lair:1   | Noticed a komodo dragon
  9495 | Lair:1   | Killed a komodo dragon
  9496 | Lair:1   | Reached skill level 6 in Fighting
  9574 | Lair:1   | Noticed a six-headed hydra
  9592 | Lair:1   | Reached skill level 5 in Dodging
  9601 | Lair:1   | Killed a six-headed hydra
  9602 | Lair:1   | Reached skill level 4 in Evocations
  9602 | Lair:1   | Reached XP level 11. HP: 74/83 MP: 7/24
  9623 | Lair:1   | Reached skill level 7 in Fighting
  9680 | Lair:1   | Reached *** piety under Kikubaaqudgha
  9680 | Lair:1   | Identified Kikubaaqudgha's Grimoire of Stolen Souls
                  | (Kikubaaqudgha gifted it to you on level 1 of the Lair of
                  | Beasts)
  9680 | Lair:1   | Received a gift from Kikubaaqudgha
  9859 | Lair:1   | Reached skill level 6 in Conjurations
  9880 | Lair:1   | Reached skill level 9 in Poison Magic
 10013 | Lair:1   | Reached skill level 3 in Necromancy
 10089 | Lair:1   | Noticed an eight-headed hydra
 10107 | Lair:1   | Killed an eight-headed hydra
 10108 | Lair:1   | Reached skill level 4 in Necromancy
 10176 | Lair:1   | Reached skill level 5 in Necromancy
 10305 | Lair:1   | Reached skill level 6 in Necromancy
 10318 | Lair:1   | Reached skill level 7 in Necromancy
 10894 | Lair:1   | Noticed a fire dragon
 10938 | Lair:1   | Killed a fire dragon
 10939 | Lair:1   | Reached skill level 8 in Necromancy
 10939 | Lair:1   | Reached XP level 12. HP: 91/91 MP: 10/25
 11013 | Lair:1   | Learned a level 6 spell: Borgnjor's Vile Clutch
 11103 | Lair:1   | Reached skill level 9 in Necromancy
 11483 | Lair:2   | Noticed a seven-headed hydra
 11573 | Lair:2   | Reached skill level 1 in Earth Magic
 11681 | Lair:2   | Reached skill level 2 in Earth Magic
 11772 | Lair:2   | Noticed Grum
 11782 | Lair:2   | Killed Grum
 11954 | Lair:2   | Reached skill level 3 in Earth Magic
 11992 | Lair:2   | Found a hole to the Spider Nest.
 12168 | Lair:2   | Killed a seven-headed hydra
 12169 | Lair:2   | Reached skill level 10 in Necromancy
 12169 | Lair:2   | Reached skill level 4 in Earth Magic
 12493 | Lair:2   | Reached skill level 5 in Earth Magic
 12644 | Lair:3   | Reached skill level 6 in Earth Magic
 12764 | Lair:3   | Reached **** piety under Kikubaaqudgha
 12765 | Lair:3   | Reached skill level 7 in Earth Magic
 12765 | Lair:3   | Noticed a five-headed hydra
 12776 | Lair:3   | Killed a five-headed hydra
 13247 | Lair:3   | Noticed Gastronok
 13265 | Lair:3   | Killed Gastronok
 13266 | Lair:3   | Reached skill level 11 in Necromancy
 13266 | Lair:3   | Reached skill level 8 in Earth Magic
 13266 | Lair:3   | Reached XP level 13. HP: 96/96 MP: 2/26
 13387 | Lair:3   | Reached skill level 12 in Necromancy
 13786 | Lair:3   | Found a staircase to the Swamp.
 14151 | Lair:4   | Reached skill level 10 in Spellcasting
 14302 | Lair:4   | Reached skill level 6 in Dodging
 14548 | Lair:4   | Reached skill level 7 in Dodging
 14555 | Lair:4   | Noticed Rupert
 14793 | Lair:4   | Noticed a seven-headed hydra
 14835 | Lair:4   | Killed a seven-headed hydra
 15372 | Lair:4   | Killed Rupert
 15373 | Lair:4   | Reached skill level 13 in Necromancy
 15373 | Lair:4   | Reached skill level 5 in Evocations
 15788 | Lair:5   | Reached skill level 8 in Dodging
 15792 | Lair:5   | Reached skill level 1 in Armour
 15817 | Lair:5   | Reached skill level 2 in Armour
 15865 | Lair:5   | Reached XP level 14. HP: 103/103 MP: 12/28
 15947 | Lair:5   | Reached skill level 3 in Armour
 16291 | Lair:5   | Reached skill level 4 in Armour
 16442 | Lair:5   | Reached skill level 5 in Armour
 16449 | Lair:5   | Learned a level 6 spell: Death Channel
 16508 | Lair:5   | Reached skill level 1 in Charms
 16801 | Lair:5   | Reached skill level 2 in Charms
 17060 | Lair:6   | Entered Level 6 of the Lair of Beasts
 17071 | Lair:6   | Reached ***** piety under Kikubaaqudgha
 17072 | Lair:6   | Reached skill level 3 in Charms
 17398 | Lair:5   | Reached skill level 4 in Charms
 17751 | Lair:6   | Reached skill level 5 in Charms
 17776 | Lair:6   | Reached skill level 14 in Necromancy
 17899 | Lair:6   | Reached skill level 6 in Charms
 18113 | Lair:6   | Reached skill level 7 in Charms
 18423 | Lair:6   | Found a staircase to the Elven Halls.
 18564 | Lair:6   | Found a runed door.
 18571 | Lair:6   | Reached skill level 8 in Charms
 18999 | Lair:6   | Reached skill level 8 in Fighting
 19153 | Lair:6   | Reached XP level 15. HP: 101/110 MP: 4/29
 19411 | Lair:6   | Reached skill level 9 in Dodging
 19769 | Lair:6   | Reached skill level 9 in Fighting
 19853 | Lair:6   | Got a crude morningstar
 20235 | Lair:6   | Identified the +8 morningstar "Wiheeschal" {flame, rElec
                  | Str+4 Int-3 Dex+4} (You found it on level 6 of the Lair of
                  | Beasts)
 20802 | D:8      | Bought a +2 pair of boots of flying for 279 gold pieces
 21503 | D:9      | Reached ****** piety under Kikubaaqudgha
 21663 | D:9      | Found Ylahofen's Gadget Shop.
 21755 | D:9      | Found a snail-covered altar of Cheibriados.
 21761 | D:9      | Reached skill level 10 in Poison Magic
 21761 | D:9      | Received a gift from Kikubaaqudgha
 21773 | D:9      | Learned a level 7 spell: Blight
 21774 | D:9      | Found a stormy altar of Qazlal.
 21801 | D:9      | Found a shimmering blue altar of Sif Muna.
 21846 | D:9      | Found a radiant altar of Vehumet.
 22194 | D:9      | Found a glowing silver altar of Zin.
 22764 | D:10     | Entered Level 10 of the Dungeon
 23783 | D:10     | Found a roughly hewn altar of Beogh.
 23790 | D:10     | Found a staircase to the Orcish Mines.
 24066 | D:10     | Reached skill level 11 in Spellcasting
 24208 | D:11     | Noticed Harold
 24212 | D:11     | Killed Harold
 24345 | D:10     | Identified a scroll of acquirement
 24346 | D:10     | Identified the -3 pair of boots "Xanigric" {Str+6} (You
                  | acquired it on level 10 of the Dungeon)
 24346 | D:10     | Identified the ring "Ahina" {rF+ Dex+2} (You acquired it on
                  | level 10 of the Dungeon)
 24346 | D:10     | Identified Sif Muna's Incunabulum of Damaging Execration
                  | (You acquired it on level 10 of the Dungeon)
 24347 | D:10     | Found the +7 lajatang of Order {silver, rMut}
 24534 | D:11     | Noticed Snorg
 24542 | D:11     | Killed Snorg
 25042 | D:11     | Reached skill level 11 in Poison Magic
 25042 | D:11     | Reached skill level 1 in Staves
 25086 | D:11     | Found a gate to the Vaults.
 25133 | D:11     | Noticed Frances
 25139 | D:11     | Killed Frances
 25140 | D:11     | Reached skill level 3 in Staves
 25219 | D:11     | Got a brightly glowing dagger
 25421 | D:11     | Identified the +6 dagger of the Bespelling Owl {speed,
                  | *Noise rPois rF+++ MR+} (You found it on level 11 of the
                  | Dungeon)
 25482 | Orc      | Entered the Orcish Mines
 25630 | Orc      | Reached skill level 4 in Staves
 25816 | Orc      | Found a runed door.
 25819 | Orc      | Found a viscous altar of Jiyva.
 25819 | Orc      | Found a staircase to the Slime Pits.
 25819 | Orc      | Noticed an azure jelly
 25819 | Orc      | Noticed an azure jelly
 25983 | Orc      | Found Defan's Weapon Shoppe.
 26009 | Orc      | HP: 9/113 [cyclops/large rock (31)]
 26131 | D:10     | Reached XP level 16. HP: 61/120 MP: 19/31
 26452 | Orc      | Reached skill level 12 in Spellcasting
 27038 | Orc      | Found Nuferhim's Distillery.
 27045 | Orc      | Found Agitta Mumet's Food Shoppe.
 27077 | Orc      | Found Larifal's Antique Weapon Shop.
 27079 | Orc      | Bought a potion of magic for 85 gold pieces
 27079 | Orc      | Bought a potion of curing for 42 gold pieces
 27086 | Orc      | Found Pann's Gadget Emporium.
 27095 | Orc      | Bought a wand of acid (8) for 270 gold pieces
 27390 | Orc      | Bought a potion of might for 68 gold pieces
 27390 | Orc      | Bought a potion of agility for 68 gold pieces
 27390 | Orc      | Bought a potion of ambrosia for 68 gold pieces
 27390 | Orc      | Bought a potion of resistance for 170 gold pieces
 27474 | D:12     | Entered Level 12 of the Dungeon
 27627 | D:12     | Reached skill level 13 in Spellcasting
 27635 | D:12     | Learned a level 7 spell: Haunt
 27755 | D:12     | Reached skill level 3 in Summonings
 27970 | D:12     | Reached skill level 4 in Summonings
 28185 | D:12     | Identified the Volume of Unstable Summoning
 28202 | D:12     | Reached skill level 5 in Summonings
 28466 | D:12     | Reached skill level 6 in Summonings
 28494 | D:12     | Found a staircase to the Depths.
 28993 | Spider:1 | Entered Level 1 of the Spider Nest
 29096 | Spider:1 | Reached skill level 7 in Summonings
 29391 | Spider:1 | Reached skill level 8 in Summonings
 30670 | Spider:2 | Reached XP level 17. HP: 120/126 MP: 12/34
 30964 | Spider:2 | Noticed Donald
 30982 | Spider:2 | Killed Donald
 31303 | Spider:2 | Reached skill level 9 in Summonings
 32862 | Spider:3 | Entered Level 3 of the Spider Nest
 32871 | Spider:3 | Reached skill level 10 in Fighting
 33264 | Spider:3 | Reached skill level 15 in Necromancy
 34519 | Spider:3 | Reached skill level 14 in Spellcasting
 34696 | D:11     | Learned a level 6 spell: Simulacrum
 34988 | Spider:3 | Reached skill level 1 in Ice Magic
 35138 | Spider:3 | Reached skill level 2 in Ice Magic
 35272 | Spider:3 | Reached skill level 6 in Evocations
 35279 | Spider:3 | Reached skill level 3 in Ice Magic
 35437 | D:8      | Bought a +2 hat of see invisible for 210 gold pieces
 36129 | Spider:3 | Reached skill level 4 in Ice Magic
 36303 | Spider:3 | Reached skill level 5 in Ice Magic
 36439 | Spider:3 | Got a gossamer rune of Zot
 36666 | Swamp:1  | Entered Level 1 of the Swamp
 36891 | Swamp:1  | Reached skill level 6 in Ice Magic
 36953 | Swamp:1  | Reached XP level 18. HP: 130/134 MP: 20/36
 37083 | Swamp:1  | Reached skill level 7 in Evocations
 37355 | Swamp:1  | Reached skill level 8 in Evocations
 37682 | Swamp:1  | Noticed Louise
 37694 | Swamp:1  | Killed Louise
 38116 | Swamp:2  | Reached skill level 16 in Necromancy
 38456 | Swamp:2  | Reached skill level 6 in Armour
 38877 | Swamp:3  | Entered Level 3 of the Swamp
 39056 | Swamp:3  | Reached skill level 10 in Dodging
 39074 | Swamp:3  | Reached skill level 7 in Armour
 39099 | Swamp:3  | Reached skill level 11 in Fighting
 39126 | Swamp:3  | Reached skill level 9 in Evocations
 39131 | Swamp:3  | Reached XP level 19. HP: 126/143 MP: 5/37
 39136 | Swamp:3  | Reached skill level 10 in Evocations
 39155 | Swamp:3  | Got a decaying rune of Zot
 39329 | Swamp:3  | Noticed Bai Suzhen
 39337 | Swamp:3  | Killed Bai Suzhen
 39350 | Swamp:3  | Reached skill level 11 in Evocations
 39829 | Swamp:3  | Learned a level 3 spell: Regeneration
 40107 | Vaults:1 | Entered Level 1 of the Vaults
 40289 | Vaults:1 | Found Xuqoij's Book Emporium.
 40316 | Vaults:1 | Reached skill level 12 in Evocations
 40696 | Vaults:1 | Reached skill level 15 in Spellcasting
 41096 | Vaults:1 | Found a portal to a secret trove of treasure.
 41101 | Vaults:1 | Found Palibbu's Magic Scroll Shop.
 41132 | Vaults:1 | Bought a scroll of fog for 42 gold pieces
 41132 | Vaults:1 | Bought a scroll of fog for 42 gold pieces
 41132 | Vaults:1 | Bought a scroll of teleportation for 63 gold pieces
 41132 | Vaults:1 | Bought a scroll of teleportation for 63 gold pieces
 41132 | Vaults:1 | Bought a scroll of fear for 105 gold pieces
 41132 | Vaults:1 | Bought a scroll of enchant armour for 157 gold pieces
 41172 | Vaults:1 | Found a staircase to the Crypt.
 41352 | Vaults:1 | Noticed Nikola
 41358 | Vaults:1 | Killed Nikola
 41393 | Vaults:1 | Identified the cursed +2 hand crossbow of the Snake Pit
                  | {elec, Str+3}
 41912 | Vaults:1 | Reached XP level 20. HP: 150/150 MP: 21/39
 42138 | Vaults:2 | Reached skill level 16 in Spellcasting
 42434 | Vaults:2 | Reached skill level 12 in Fighting
 43533 | Vaults:2 | Reached skill level 17 in Necromancy
 44586 | Vaults:2 | Reached skill level 1 in Shields
 44604 | Vaults:2 | Paralysed by a floating eye for 4 turns
 45015 | Elf:1    | Entered Level 1 of the Elven Halls
 45083 | Elf:1    | Reached skill level 2 in Shields
 45114 | Elf:1    | Reached skill level 13 in Fighting
 45116 | Elf:1    | Reached skill level 3 in Shields
 45238 | Elf:1    | Reached skill level 4 in Shields
 45371 | Elf:1    | Reached skill level 5 in Shields
 45539 | Elf:1    | Reached skill level 6 in Shields
 45539 | Elf:1    | Reached XP level 21. HP: 162/162 MP: 27/41
 45574 | Elf:1    | Found Kuschir's Jewellery Shop.
 45575 | Elf:1    | Found Saubyol's Gadget Emporium.
 45576 | Elf:1    | Found Maepoewu's Jewellery Shop.
 45586 | Elf:1    | Bought the ring "Defeirit" {rElec Str+6 Int+4 Dex+8} for
                  | 1159 gold pieces
 45665 | Elf:1    | Found Huacso's Armour Shop.
 46108 | Elf:2    | Found Icefaul's Distillery.
 46113 | Elf:2    | Reached skill level 7 in Shields
 46119 | Elf:2    | Bought a potion of curing for 37 gold pieces
 46119 | Elf:2    | Bought a potion of curing for 37 gold pieces
 46119 | Elf:2    | Bought a potion of heal wounds for 75 gold pieces
 46119 | Elf:2    | Bought a potion of curing for 37 gold pieces
 46119 | Elf:2    | Bought a potion of magic for 75 gold pieces
 46119 | Elf:2    | Bought a potion of heal wounds for 75 gold pieces
 46233 | Elf:2    | Reached skill level 8 in Shields
 46459 | Elf:2    | Identified the +6 mace of Xom's Fury {flame, rElec MR+}
 46590 | Elf:2    | Found a huge runed gate.
 46590 | Elf:2    | Found a huge runed gate.
 46590 | Elf:2    | Found a huge runed gate.
 46590 | Elf:2    | Found a huge runed gate.
 46591 | Elf:2    | Found a huge runed gate.
 46603 | Elf:2    | Identified the +4 long sword "Komy" {protect, +Inv MR+
                  | Int+4}
 46822 | Elf:3    | Entered Level 3 of the Elven Halls
 47069 | Elf:3    | Found Lasor's Assorted Antiques.
 47069 | Elf:3    | Found Cateusit's Magic Scroll Shoppe.
 47083 | Elf:3    | Bought a scroll of teleportation for 45 gold pieces
 47083 | Elf:3    | Bought a scroll of teleportation for 45 gold pieces
 47188 | Elf:3    | Reached skill level 18 in Necromancy
 47297 | Elf:3    | Found Gofesej's Weapon Shoppe.
 47612 | Elf:3    | Identified the +5 war axe of Deformation {chop, Str+6}
 47830 | Elf:3    | Reached skill level 14 in Fighting
 48115 | Elf:3    | Noticed a Shadow Fiend
 48200 | Elf:3    | Learned a level 6 spell: Aura of Abjuration
 48426 | Elf:3    | Reached XP level 22. HP: 172/172 MP: 10/42
 48454 | Elf:3    | Reached skill level 10 in Summonings
 48786 | Elf:3    | Identified the Tome of Clay
 48806 | Elf:3    | Identified the Incunabulum of Shifting Poisoning
 49598 | Elf:1    | Bought a wand of clouds (5) for 270 gold pieces
 49598 | Elf:1    | Bought a wand of acid (6) for 210 gold pieces
 49916 | Depths:1 | Entered Level 1 of the Depths
 50004 | Depths:1 | Found a gateway to a ziggurat.
 50048 | Depths:1 | Identified the cursed ring of Noekaff {Ice rPois rN+ Str-2}
 50095 | Depths:1 | Identified the scarf of the Ego {+Inv, Dex+2} (You acquired
                  | it on level 1 of the Depths)
 50095 | Depths:1 | Identified the ring of Midsummer {Wiz rC+ Dex+4} (You
                  | acquired it on level 1 of the Depths)
 50095 | Depths:1 | Identified Artagas's Incunabulum of the Hurtful Mountains
                  | (You acquired it on level 1 of the Depths)
 50173 | Depths:1 | Found a one-way gate leading to the halls of Pandemonium.
 50252 | Depths:1 | Found a gateway to Hell.
 50758 | Depths:1 | Found a one-way gate to the infinite horrors of the Abyss.
 50835 | Depths:2 | Reached skill level 11 in Summonings
 50881 | Depths:2 | Reached skill level 17 in Spellcasting
 50910 | Depths:2 | Noticed Mara
 50918 | Depths:2 | Noticed Artagas's illusion
 51033 | Depths:2 | Noticed a rockslime
 51040 | Depths:2 | Killed a rockslime
 51065 | Depths:2 | Noticed Artagas's illusion
 51072 | Depths:2 | Killed Mara
 51095 | Depths:2 | Reached skill level 18 in Spellcasting
 51129 | Depths:2 | Noticed Zenata
 51139 | Depths:2 | Killed Zenata
 51315 | Depths:2 | Noticed a Killer Klown
 51336 | Depths:2 | Reached skill level 8 in Armour
 51394 | Depths:2 | Identified the +10 falchion "Zanunn" {slice, MR+}
 51573 | Depths:1 | Reached skill level 11 in Dodging
 51762 | Depths:2 | Killed a Killer Klown
 51763 | Depths:2 | Reached XP level 23. HP: 178/178 MP: 28/45
 51771 | Depths:2 | Reached skill level 12 in Dodging
 51899 | Depths:2 | Noticed a golden dragon
 51906 | Depths:2 | Killed a golden dragon
 51913 | Depths:2 | Reached skill level 15 in Fighting
 52238 | Depths:2 | Found a snail-covered altar of Cheibriados.
 52330 | Depths:2 | Identified the scarf "Noemnamp" {repulsion, rN+}
 52540 | Depths:3 | Noticed Jory
 52588 | Depths:3 | Noticed Margery
 52595 | Depths:3 | Reached skill level 13 in Evocations
 52597 | Depths:3 | Killed Margery
 52761 | Depths:3 | Killed Jory
 53024 | Depths:3 | Reached skill level 16 in Fighting
 53357 | Depths:3 | Reached skill level 13 in Dodging
 53430 | Depths:3 | Reached XP level 24. HP: 168/191 MP: 22/45
 53444 | Depths:3 | Reached skill level 9 in Armour
 53479 | Depths:3 | Identified the +8 dagger "Vuimahis" {flame, Fragile rPois
                  | rC++}
 54539 | Vaults:1 | You paid a toll of a +9 great mace to enter a treasure
                  | trove
 54540 | Trove    | Entered a treasure trove
 54558 | Trove    | Identified the amulet "Zyeschon" {Inacc *Corrode rElec rC++
                  | Str-4}
 54560 | Trove    | Identified the amulet "Toshruonke" {Faith rN++}
 54562 | Trove    | Identified the amulet "Suzu" {Reflect Fragile rC+ Dex+3
                  | SH+4 Stlth+}
 54583 | Trove    | Identified Sif Muna's Volume of Changing and Companions
 54587 | Trove    | Identified Sif Muna's Guide on Fetching Shape Shifting
 54648 | Vaults:1 | Learned a level 7 spell: Scorpion Form
 54843 | Depths:3 | Reached skill level 1 in Transmutations
 54861 | Depths:3 | Reached skill level 2 in Transmutations
 54908 | Depths:3 | Reached skill level 3 in Transmutations
 55046 | Depths:3 | Noticed a Killer Klown
 55251 | Depths:3 | Reached skill level 4 in Transmutations
 55278 | Depths:3 | Reached skill level 5 in Transmutations
 55360 | Depths:3 | Reached skill level 6 in Transmutations
 55362 | Depths:3 | Killed a Killer Klown
 55499 | Depths:3 | Found Tisastec's Gadget Emporium.
 55508 | Depths:3 | Bought a wand of acid (4) for 230 gold pieces
 55541 | Depths:3 | Identified the +0 leather armour "Wuhal" {+Inv +Fly Int+2}
 55550 | Depths:3 | Reached skill level 7 in Transmutations
 56066 | Depths:4 | Reached skill level 8 in Transmutations
 56155 | Depths:4 | Reached skill level 9 in Transmutations
 56465 | Depths:4 | Reached skill level 10 in Transmutations
 56682 | Depths:4 | Noticed a golden dragon
 56693 | Depths:4 | Killed a golden dragon
 57202 | Vaults:3 | Entered Level 3 of the Vaults
 57298 | Vaults:3 | Reached skill level 17 in Fighting
 57399 | Vaults:3 | Noticed a golden dragon
 57410 | Vaults:3 | Killed a golden dragon
 57428 | Vaults:3 | Reached XP level 25. HP: 184/201 MP: 11/45
 57439 | Vaults:3 | Noticed a juggernaut
 57447 | Vaults:3 | Killed a juggernaut
 57621 | Vaults:3 | Reached skill level 19 in Spellcasting
 57718 | Vaults:3 | Reached skill level 9 in Shields
 57857 | Vaults:3 | Identified the +8 lajatang of Execution {flame, +Blink
                  | rPois Str-5 Dex+6} (You acquired it on level 3 of the
                  | Vaults)
 57857 | Vaults:3 | Identified the ring of Kithunu {Wiz rC+ rN+} (You acquired
                  | it on level 3 of the Vaults)
 57857 | Vaults:3 | Identified a +1 pair of boots of running (You acquired it
                  | on level 3 of the Vaults)
 57916 | Vaults:3 | Reached skill level 14 in Dodging
 57964 | Vaults:3 | Got a silver rune of Zot
 57967 | Vaults:3 | Identified the +5 falchion "Alocha" {distort, rPois rF+
                  | Dex+3}
 58026 | Vaults:3 | Reached skill level 10 in Armour
 58076 | Vaults:3 | Noticed a golden dragon
 58086 | Vaults:3 | Killed a golden dragon
 58088 | Vaults:3 | Reached skill level 15 in Dodging
 58327 | Vaults:3 | Identified the +12 spear of Charity {elec, Int+3}
 58604 | Vaults:3 | Noticed a golden dragon
 58612 | Vaults:3 | Killed a golden dragon
 58613 | Vaults:3 | Reached XP level 26. HP: 208/208 MP: 16/46
 58853 | Vaults:3 | Identified the amulet "Nimo" {Faith Int-5 Dex+6 Stlth+}
                  | (You acquired it on level 3 of the Vaults)
 59009 | Vaults:3 | Identified the Papyrus of Flying Envenoming
 59074 | Vaults:3 | Identified the amulet "Qathrev" {Inacc rN+}
 59076 | Vaults:3 | Identified the Tome of Warped Snow
 59095 | Vaults:3 | Reached skill level 10 in Shields
 59308 | Vaults:3 | Reached skill level 11 in Armour
 59708 | Vaults:3 | Reached skill level 11 in Shields
 60762 | Depths:5 | Entered Level 5 of the Depths
 60788 | Depths:5 | Reached skill level 12 in Shields
 60869 | Depths:5 | Reached skill level 13 in Shields
 61074 | Depths:5 | Identified the amulet "Cyreh" {Reflect rPois rN+++ MR- SH+4
                  | Stlth-}
 61259 | Depths:5 | Reached skill level 14 in Shields
 61886 | Depths:5 | Reached skill level 15 in Shields
 62007 | Depths:5 | Noticed a golden dragon
 62021 | Depths:5 | Killed a golden dragon
 62022 | Depths:5 | Reached XP level 27. HP: 215/215 MP: 37/46
 62051 | Depths:5 | Found a gate to the Realm of Zot.
 62799 | Zot:1    | Entered Level 1 of the Realm of Zot
 62970 | Zot:2    | Identified the +4 dragonskin cloak
 62970 | Zot:2    | Noticed Tiamat
 63281 | D:9      | Bought a wand of digging (10) for 220 gold pieces
 63281 | D:9      | Bought a wand of paralysis (10) for 110 gold pieces
 63281 | D:9      | Bought a phantom mirror for 200 gold pieces
 63281 | D:9      | Bought a wand of iceblast (6) for 105 gold pieces
 63281 | D:9      | Bought a wand of acid (7) for 160 gold pieces
 63495 | Elf:1    | Bought a wand of paralysis (9) for 150 gold pieces
 63495 | Elf:1    | Bought a phantom mirror for 300 gold pieces
 63495 | Elf:1    | Bought a box of beasts for 300 gold pieces
 63994 | Zot:1    | Reached skill level 12 in Summonings
 63994 | Zot:1    | Reached skill level 12 in Poison Magic
 64045 | Zot:2    | Reached skill level 19 in Necromancy
 64160 | Zot:2    | Noticed a golden dragon
 64248 | Zot:2    | Killed a golden dragon
 64264 | Zot:2    | Killed Tiamat
 64265 | Zot:2    | Reached skill level 16 in Dodging
 64327 | Zot:3    | Reached skill level 16 in Shields
 64371 | Zot:4    | Noticed a golden dragon
 64382 | Zot:4    | Killed a golden dragon
 64441 | Zot:5    | Entered Level 5 of the Realm of Zot
 64445 | Zot:5    | Noticed a golden dragon
 64464 | Zot:5    | Reached skill level 18 in Fighting
 64508 | Zot:5    | Killed a golden dragon
 65294 | Zot:5    | Noticed a Killer Klown
 65308 | Zot:5    | Killed a Killer Klown
 65309 | Zot:5    | Reached skill level 19 in Fighting
 65309 | Zot:5    | Noticed an ancient lich
 65316 | Zot:5    | Killed an ancient lich
 65336 | Zot:5    | Reached skill level 14 in Evocations
 65489 | Zot:5    | Reached skill level 15 in Evocations
 65516 | Zot:5    | Noticed an ancient lich
 65564 | Zot:5    | Killed an ancient lich
 65678 | Zot:5    | Reached skill level 16 in Evocations
 65703 | Zot:5    | Noticed an ancient lich
 65712 | Zot:5    | Killed an ancient lich
 65785 | Zot:5    | Noticed a Killer Klown
 65792 | Zot:5    | Noticed an orb of fire
 65792 | Zot:5    | Killed a Killer Klown
 65850 | Zot:5    | Gained mutation: You are dopey. (Int -2) [an orb of fire]
 65857 | Zot:5    | Noticed a golden dragon
 65869 | Zot:5    | Killed an orb of fire
 65877 | Zot:5    | Killed a golden dragon
 66044 | Zot:5    | Noticed an orb of fire
 66056 | Zot:5    | Noticed a Killer Klown
 66056 | Zot:5    | Killed an orb of fire
 66066 | Zot:5    | Killed a Killer Klown
 66067 | Zot:5    | Reached skill level 12 in Armour
 66242 | Zot:5    | Noticed an orb of fire
 66467 | Zot:5    | Noticed an ancient lich
 66497 | Zot:5    | Killed an orb of fire
 66547 | Zot:5    | Killed an ancient lich
 66693 | Zot:5    | Noticed an orb of fire
 66698 | Zot:5    | Reached skill level 17 in Shields
 66700 | Zot:5    | Reached skill level 17 in Dodging
 66715 | Zot:5    | Gained mutation: Armour fits poorly on your strangely
                  | shaped body. [an orb of fire]
 66717 | Zot:5    | Gained mutation: You are surrounded by a mild repulsion
                  | field. (EV +2) [an orb of fire]
 66721 | Zot:5    | Killed an orb of fire
 66923 | Zot:5    | Reached skill level 13 in Armour
 67019 | Zot:5    | Noticed a Killer Klown
 67029 | Zot:5    | Killed a Killer Klown
 67113 | Zot:5    | Reached skill level 18 in Dodging
 67113 | Zot:5    | Reached skill level 18 in Shields
 67187 | Zot:5    | Got the Orb of Zot
 67429 | Depths:4 | Noticed Golum the pandemonium lord
 67502 | Depths:1 | Noticed Ijes Xuv the pandemonium lord
 67709 | D:3      | Noticed Natasha
 67805 | D:$      | Escaped with the Orb!

Skill      XL: |  1  2  3  4  5  6  7  8  9 10 11 12 13 14 15 16 17 18 19 20 21 22 23 24 25 26 27 |
---------------+----------------------------------------------------------------------------------+-----
Fighting       | 1 2 4 5 6 7 8 9 10 11 13 14 16 17 19 | 19.0
Conjurations   | 2 5 6 |  6.0
Poison Magic   | 4 5 6 7 8 9 11 12 | 12.0
Air Magic      | 1 2 |  2.0
Fire Magic     | 1 |  1.0
Spellcasting   | 3 4 5 9 10 11 13 14 15 16 18 19 | 19.0
Dodging        | 3 4 5 8 9 10 11 13 15 18 | 18.0
Summonings     | 2 8 9 11 12 | 12.0
Evocations     | 4 5 6 9 12 13 16 | 16.0
Necromancy     | 2 8 11 13 14 15 16 17 18 19 | 19.7
Earth Magic    | 8 |  8.0
Armour         | 2 5 7 8 9 10 11 13 | 13.0
Charms         | 8 |  8.0
Staves         | 4 |  4.0
Ice Magic      | 6 |  6.0
Shields        | 6 8 9 15 18 | 18.0
Transmutations | 10 | 10.0
Stealth        | |  2.4

Action                   |  1- 3 |  4- 6 |  7- 9 | 10-12 | 13-15 | 16-18 | 19-21 | 22-24 | 25-27 || total
-------------------------+-------+-------+-------+-------+-------+-------+-------+-------+-------++-------
Melee: Unarmed           |     3 |       |       |       |       |       |       |       |       ||     3
       Dagger            |       |       |       |     8 |     8 |    51 |    19 |     4 |     8 ||    98
       Lajatang          |       |       |       |       |    44 |     8 |       |       |       ||    52
       Hunting sling     |       |       |       |       |       |     1 |       |       |       ||     1
       Morningstar       |       |       |       |       |       |     1 |       |       |       ||     1
 Fire: Hunting sling     |       |       |    94 |    73 |   252 |    52 |    93 |       |     2 ||   566
Throw: Tomahawk          |       |       |       |       |       |    11 |    17 |     1 |     2 ||    31
 Cast: Sting             |    42 |    50 |    36 |       |       |       |       |       |       ||   128
       Poisonous Vapours |     4 |    24 |    79 |   103 |    37 |    20 |    10 |       |     1 ||   278
       Ignite Poison     |       |     3 |    34 |    76 |    81 |    97 |    49 |    26 |    40 ||   406
       Olgreb's Toxic Ra |       |       |    12 |    19 |    54 |    69 |     7 |     5 |     2 ||   168
       Summon Scorpions  |       |       |     2 |    29 |    63 |     4 |       |       |       ||    98
       Corpse Rot        |       |       |       |     9 |     3 |     2 |     3 |     2 |    10 ||    29
       Venom Bolt        |       |       |       |    10 |    23 |       |       |       |       ||    33
       Borgnjor's Vile C |       |       |       |     6 |   141 |   145 |   163 |   170 |   155 ||   780
       Death Channel     |       |       |       |       |    14 |    36 |    21 |    15 |    12 ||    98
       Blight            |       |       |       |       |    20 |    10 |    41 |    26 |    37 ||   134
       Haunt             |       |       |       |       |       |    41 |    94 |   107 |   336 ||   578
       Simulacrum        |       |       |       |       |       |    28 |    30 |    60 |    36 ||   154
       Regeneration      |       |       |       |       |       |       |     7 |    10 |     7 ||    24
       Aura of Abjuratio |       |       |       |       |       |       |       |     4 |     5 ||     9
       Scorpion Form     |       |       |       |       |       |       |       |     2 |     1 ||     3
Invok: Receive Corpses   |       |       |       |     5 |       |    10 |    13 |    25 |    22 ||    75
       Receive Necronomi |       |       |       |       |     1 |       |       |       |       ||     1
 Abil: Evoke Invisibilit |       |       |       |       |       |       |     4 |     8 |    16 ||    28
       Stop Flying       |       |       |       |       |       |       |       |     1 |       ||     1
       End Transformatio |       |       |       |       |       |       |       |     2 |     1 ||     3
       Evoke Flight      |       |       |       |       |       |       |       |     1 |       ||     1
Evoke: Wand              |       |       |     2 |     7 |     8 |    25 |    17 |    10 |    49 ||   118
       Phial of floods   |       |       |       |       |       |       |       |       |     1 ||     1
       Box of beasts     |       |       |       |       |       |       |       |       |     2 ||     2
  Use: Scroll            |     1 |     2 |     8 |    12 |    12 |    11 |     4 |    13 |    11 ||    74
       Potion            |       |       |       |     2 |     2 |     1 |     3 |     2 |     4 ||    14
 Stab: Paralysed         |       |       |       |     8 |       |       |       |       |     3 ||    11
       Sleeping          |       |       |       |       |       |       |     1 |       |       ||     1
  Eat: Chunk             |     3 |     7 |    18 |    27 |    92 |    72 |    60 |    31 |    26 ||   336
       Ration            |       |       |     3 |     2 |    10 |     9 |     6 |     7 |    11 ||    48
Armor: Robe              |     7 |     2 |    19 |     7 |       |       |       |       |       ||    35
       Leather armour    |       |       |       |    35 |   139 |   167 |    81 |    46 |       ||   468
       Quicksilver drago |       |       |       |       |       |       |       |     9 |    71 ||    80
Dodge: Dodged            |     9 |    10 |    52 |   114 |   433 |   358 |   196 |   167 |   237 ||  1576
Block: Other             |       |       |       |       |    10 |       |       |       |       ||    10
       Reflection        |       |       |       |       |     2 |       |     3 |    19 |     7 ||    31
       Buckler           |       |       |       |       |       |       |    28 |    74 |    22 ||   124
       Medium shield     |       |       |       |       |       |       |       |       |   127 ||   127

Levels and vault maps discovered:
D:1:      lightli_arrival_quake, layout_loops_ring
D:2:      layout_basic, makhleb_altar_promises_db
D:3:      minmay_inner_zag, layout_loops_ring, uniq_terence,
          uniq_crazy_yiuf_cottage, uniq_natasha
D:4:      minmay_angry_zag, layout_basic, nicolae_overflow_crystal_walls,
          overflow_temple_1_default, first_ration, uniq_ijyb
D:5:      layout_rooms, minmay_temple_entry_statues_fountains, minivault_23,
          uniq_grinder
D:6:      layout_loops_ring, basic_altar, st_stairs_13, corner_web_ring,
          minmay_crossroads, uniq_edmund
D:7:      layout_rooms, serial_shops, shop
D:8:      layout_cave_pods, grunt_lair_entry_orc_guard_hut, serial_shops,
          shop_fountains, shop_fountains, hangedman_little_slice_of_home
D:9:      minmay_chambers_of_sixes, layout_basic, lemuel_coloured_pillars_altar,
          nicolae_overflow_quartered_altars, serial_shops, kennysheep_mini_moat,
          bh_walls_and_bars
D:10:     layout_irregular_city, david_orc_5, minmay_gold_behind_fungi
D:11:     layout_rooms, erik_vaults_1, uniq_harold, uniq_frances, uniq_snorg
D:12:     hangedman_depths_entry_civil_slaughter, layout_loops_ring,
          minmay_misc_feat_x, skrybe_limestone_x, chequers_big_river,
          kennysheep_crisscross
Temple:   lightli_temple_of_artemis
Lair:1:   dragon1_lemuel, layout_hall_layers, grunt_forest_large_clearings
Lair:2:   layout_concentric_octagons, spider_nest_entry_webs, uniq_grum
Lair:3:   layout_regular_city, nicolae_swamp_entry_splash_gauntlet,
          infiniplex_staircase_pool_2, uniq_gastronok
Lair:4:   layout_loops_ring, bobbens_dragon_lair_wall, uniq_rupert
Lair:5:   layout_gridlike
Lair:6:   hangedman_lair_caniforms_friends, layout_misc_corridors, wormcave,
          portal_ice_cave_entry_pillars_2, grunt_megastairs_5
Swamp:1:  layout_basic_swamp, infiniplex_staircase_pool, uniq_louise
Swamp:2:  layout_basic_swamp, hangedman_swamp_diagram, swamp_pool4,
          st_swamp_ruins_2
Swamp:3:  swamp, layout_basic_swamp, swamp_pool1, uniq_bai_suzhen
Spider:1: layout_chambers, spider_trap
Spider:2: layout_chambers, uniq_donald
Spider:3: spider_rune_water, hangedman_spider_tarantella_strand
Orc:      st_orc_open, layout_diamond_mine, slime_altar_2, serial_shops, shop
Elf:1:    nicolae_elf_arrival_no_cutting_in_line, layout_rooms, serial_shops,
          nicolae_shop_crystal, hangedman_elf_represent, minmay_shop_grove
Elf:2:    elven_hall_of_blades_hangedman_alternative
          [mumra_blade_entry_bloodbath], layout_geoelf_diagonals, serial_shops,
          nicolae_shop_statue_plus
Elf:3:    elf_hall, layout_geoelf_grid, serial_shops, shop, dk_noncrumbling_4,
          grunt_megastairs_4, minmay_shoptagon
Vaults:1: minmay_crypt_entry_vampire_xt, hangedman_vaults_stitches,
          nicolae_vaults_windows_and_doors_thing, nicolae_vaults_circle_grid_a,
          v_rooms_2, nicolae_vaults_little_squares_5, v_misc_8,
          vaults_mumra_hexcomb, vaults_room_mumra_shop_pool,
          vaults_dpeg_encased_lava, hangedman_vaults_snaps,
          vaults_standard_mumra_lines, nicolae_vaults_little_squares_5,
          ontoclasm_vaults_twist, vaults_dpeg_hooks, layout_vaults_ring,
          serial_shops, shop, nicolae_trove_entry_isolated, uniq_nikola
Vaults:2: v_misc_2, nicolae_vaults_three_branches, nicolae_vaults_what_the_h,
          v_pattern_3, dpeg_vaults_monster_box, v_misc_4,
          ontoclasm_vaults_loading_screen, ontoclasm_vaults_gateway, v_misc_8,
          nicolae_vaults_little_squares_4, layout_vaults_omnigrid
Vaults:3: serial_shops
Depths:1: layout_twisted_cross, enter_ziggurat_b, pan_entry,
          abyss_entry_small_statue_room, hell_entry, horrible_house_mu
Depths:2: minmay_expanding_squares, layout_cave_pools, lightli_too_deep,
          serial_bayou_shore_a, kennysheep_flooded_box,
          infiniplex_staircase_diamond, uniq_zenata, uniq_mara
Depths:3: minmay_the_grid_3x3 [minmay_the_grid_gridbox,
          minmay_the_grid_minigrid_medium, minmay_the_grid_spikes,
          minmay_the_grid_paths, minmay_the_grid_spin_star,
          minmay_the_grid_doors, minmay_the_grid_aliased_spiral,
          minmay_the_grid_x, minmay_the_grid_prize_four_corners_diamond_a],
          layout_honeycomb, serial_shops, shop, rand_demon_pan_entry_1,
          pf_coc_iceberg, uniq_jory, uniq_margery
Depths:4: cheibrodos_quadrivalence, layout_cave_pools,
          pf_vacation_house_of_asmodeus, abyss_entry, minmay_holes,
          grunt_pan_entry_sceptre, grunt_ministairs_6,
          minmay_misc_feat_nine_boxes, kennysheep_generic_room_4
Depths:5: evilmike_zot_entry_gauntlet, layout_cave_pools,
          nicolae_twisting_strands, hell_entry
Zot:1:    layout_gridlike, regret_index_zotdec_stipple_waver, grunt_megastairs_3
Zot:2:    layout_gridville, basic_altar, uniq_tiamat
Zot:3:    layout_onion_interference, regret_index_zotdec_carving_tricks,
          regret_index_zotdec_ceiling_fans
Zot:4:    layout_gridlike
Zot:5:    layout_misc_corridors

Table legend:
 A = Turns spent in this place as a percentage of turns spent in the entire game.
 B = Non-inter-level travel turns spent in this place as a percentage of non-inter-level travel turns spent in the entire game.
 C = Inter-level travel turns spent in this place as a percentage of turns spent in this place.
 D = Turns resting spent in this place as a percentage of non-inter-level travel turns spent in this place.
 E = Turns spent auto-exploring this place as a percentage of non-inter-level travel turns spent in this place.
 F = Non-inter-level travel turns spent in this place divided by the number of levels of this place that you've seen.
                   A       B       C       D       E      F
               +-------+-------+-------+-------+-------+----------------------
         Total | 100.0 | 100.0 |  14.6 |  16.8 |  57.0 | 1345.9
       Dungeon |  27.9 |  26.8 |  18.0 |  14.9 |  63.0 | 1290.8
        Temple |   0.2 |   0.2 |   9.9 |   0.0 |  99.2 | 127.0
          Lair |  18.9 |  18.5 |  16.5 |  19.4 |  61.3 | 1783.2
         Swamp |   5.0 |   5.3 |  10.4 |  11.3 |  63.6 | 1022.0
   Spider Nest |   9.8 |  10.4 |   8.8 |  14.2 |  65.8 | 2012.0
  Orcish Mines |   2.6 |   2.9 |   3.7 |  22.4 |  51.2 | 1677.0
   Elven Halls |   7.0 |   6.3 |  23.5 |  11.4 |  56.6 | 1216.7
        Vaults |  11.1 |  11.5 |  11.7 |   9.1 |  58.2 | 2214.7
        Depths |  12.1 |  11.9 |  15.5 |  15.8 |  50.7 | 1383.0
           Zot |   5.3 |   6.0 |   3.7 |  47.9 |   8.3 | 695.0
         Trove |   0.1 |   0.2 |   0.0 |   0.0 |  44.8 |  96.0
               +-------+-------+-------+-------+-------+----------------------

Table legend:
 A = Kills in this place as a percentage of kills in entire the game.
 B = Kills by you in this place as a percentage of kills by you in the entire game.
 C = Kills by friends in this place as a percentage of kills by friends in the entire game.
 D = Other kills in this place as a percentage of other kills in the entire game.
 E = Experience gained in this place as a percentage of experience gained in the entire game.
 F = Experience gained in this place divided by the number of levels of this place that you have seen.
                   A       B       C       D       E      F
               +-------+-------+-------+-------+-------+----------------------
         Total | 100.0 | 100.0 | 100.0 | 100.0 | 100.0 | 33900.6
       Dungeon |  18.7 |  28.3 |   5.2 |   5.9 |   3.5 | 4202.3
          Lair |  13.8 |  19.9 |   5.1 |   5.9 |   5.2 | 12643.2
         Swamp |   7.4 |   2.4 |  14.8 |   0.0 |   5.7 | 27668.7
   Spider Nest |   7.1 |   7.6 |   6.4 |  11.8 |   4.2 | 20584.0
  Orcish Mines |   3.7 |   5.2 |   1.7 |   0.0 |   1.2 | 18174.0
   Elven Halls |   7.4 |   8.1 |   6.2 |  11.8 |   7.8 | 38017.7
        Vaults |  16.7 |  15.7 |  18.0 |  17.6 |  20.3 | 98512.0
        Depths |  17.9 |   8.8 |  30.5 |  35.3 |  26.4 | 76985.0
           Zot |   7.4 |   4.1 |  12.1 |  11.8 |  25.7 | 74798.4
               +-------+-------+-------+-------+-------+----------------------
